 Dungeon Crawl Stone Soup version 0.29.1-4-g47bece8355 (webtiles) character file.

Game seed: 1024404478941847805

6601 hawla the Arsonist (level 11, 0/82 HPs)
             Began as a Meteoran Fire Elementalist on Dec 4, 2022.
             Was a Believer of Vehumet.
             Slain by an orc knight
             ... wielding a +0 battleaxe
              (20 damage)
             ... on level 10 of the Dungeon.
             The game lasted 00:17:43 (3576 turns).

hawla the Arsonist (Meteoran Fire Elementalist)     Turns: 3576, Time: 00:17:44

Health: 0/82       AC:  6    Str: 15    XL:     11   Next: 44%
Magic:  23/25      EV: 15    Int: 35    God:    Vehumet [**....]
Gold:   155        SH:  0    Dex: 20    Spells: 18/29 levels left

rFire   . . .      SeeInvis .   B - +4 war axe "Olaobill" {vorpal, Int+8 Dex+4}
rCold   . . .      Faith    .   (no shield)
rNeg    . . .      Spirit   .   a - +1 robe
rPois   .          Reflect  .   (helmet restricted)
rElec   .          Harm     .   A - +1 cloak
rCorr   .          Rampage  .   y - +0 pair of gloves
Will    +....                   (no boots)
Stlth   +.........              (no amulet)
HPRegen 0.23/turn               d - +6 ring of intelligence
MPRegen 0.19/turn               n - +6 ring of strength

@: glowing
A: sense surroundings 2, otherworldly, glowing, explore regen, horns 1, mutation
resistance 1
a: Renounce Religion


You were on level 10 of the Dungeon.
You worshipped Vehumet.
Vehumet was pleased with you.
You visited 2 branches of the dungeon, and saw 11 of its levels.
You also visited: Ossuary.

You collected 251 gold pieces.
You spent 96 gold pieces at shops.

Inventory:

Hand Weapons
 m - a +4 quarterstaff of chaos
 q - the +1 lajatang of the Chain {spect, rPois Will- rCorr}
   (You found it on level 5 of the Dungeon)

   When its wielder attacks, the weapon's spirit leaps out and strikes again.
   The spirit shares a part of any damage it takes with its wielder.
   rPois:     It protects you from poison.
   rCorr:     It protects you from acid and corrosion.
   Will:      It decreases your willpower.
 x - a +4 quarterstaff
 B - the +4 war axe "Olaobill" (weapon) {vorpal, Int+8 Dex+4}
   (You found it on level 6 of the Dungeon)

   It inflicts extra damage upon your enemies.
   Int:       It affects your intelligence (+8).
   Dex:       It affects your dexterity (+4).
Armour
 a - a +1 robe (worn)
 y - a +0 pair of gloves (worn)
 A - a +1 cloak (worn)
Jewellery
 d - a +6 ring of intelligence (left hand)
 n - a +6 ring of strength (right hand)
 t - a ring of wizardry
 v - a ring of magical power
 w - a +4 ring of protection
 C - the amulet "Tuann" {Acrobat MP+9 Int-3 Dex+3 Slay+3}
   (You took it off an orc on level 8 of the Dungeon)

   [amulet of the acrobat]

   It increases your evasion while moving and waiting.
   Int:       It affects your intelligence (-3).
   Dex:       It affects your dexterity (+3).
   Slay:      It affects your accuracy & damage with ranged weapons and melee
   (+3).
   MP:        It affects your magic capacity (+9).
Wands
 e - a wand of polymorph (7)
 h - a wand of light (4)
Scrolls
 l - a scroll of amnesia
 o - 2 scrolls of magic mapping {unknown}
 r - 3 scrolls of poison
 s - a scroll of vulnerability {unknown}
 z - 2 scrolls of blinking {unknown}
Potions
 c - 3 potions of heal wounds
 f - a potion of magic
 g - 4 potions of lignification
 i - 5 potions of flight
 j - 6 potions of attraction
 k - 2 potions of brilliance
 p - 3 potions of haste
 u - 4 potions of curing
 D - a potion of degeneration {unknown}


   Skills:
 + Level 3.6 Fighting
 + Level 1.1 Axes
 + Level 6.5 Staves
 + Level 5.3 Dodging
 - Level 1.7 Stealth
 + Level 9.8 Spellcasting
 + Level 5.7 Conjurations
 + Level 7.5 Necromancy
 + Level 10.8 Fire Magic


You had 18 spell levels left.
You knew the following spells:

 Your Spells              Type           Power      Damage    Failure   Level
a - Foxfire               Conj/Fire      100%       2x1d9     1%          1
b - Scorch                Fire           100%       2d10      1%          2
c - Flame Wave            Conj/Fire      66%        2d15      1%          4
d - Dispel Undead         Necr           63%        3d22      1%          4

Your spell library contained the following spells:

 Spells                   Type           Power      Damage    Failure   Level
 Poisonous Vapours        Pois/Air       34%        N/A       3%          2
 Static Discharge         Conj/Air       37%        3-8/arc   1%          2
 Conjure Flame            Conj/Fire      66%        6-21      1%          3
 Inner Flame              Hex/Fire       53%        N/A       1%          3
 Sticky Flame             Conj/Fire      66%        2d8       1%          4


Dungeon Overview and Level Annotations

Branches:
Dungeon (10/15) Zot: 2625  Temple (1/1) D:7 Zot: 587 Ossuary (visited)
   Lair: D:8-11         Orc: D:9-12

Altars:
Ashenzari
Cheibriados
Hepliaklqana
Kikubaaqudgha
Nemelex Xobeh
Qazlal
Sif Muna
Uskayaw
Vehumet
Wu Jian
Yredelemnul
Zin
The Shining One

Shops:
D:5 !

Annotations:
D:9 Maurice


Innate Abilities, Weirdness & Mutations

You passively map the area around you.
You are easily found by Zot.
You glow in the dark.
You regain HP and MP as you explore.
You have a pair of small horns on your head.
You are somewhat resistant to further mutation.


Message History

You slide downwards.
The hatch slams shut behind you.
Magic restored.
Reactivating autopickup.
An orc comes into view. It is wielding a +0 club.
Found a stone staircase leading up.
The orc shouts!
An orc knight comes into view.
It is wielding a +0 battleaxe and wearing a +0 chain mail of fire resistance.
An orc comes into view. It is wielding a +0 war axe.
The orc knight shouts!
The orc shouts!
You hear a shout!
An orc comes into view. It is wielding a +0 club.
The orc knight roars a battlecry!
The orcs go into a battle-frenzy!
The orc hits you with a +0 club.
You slash the orc!
You kill the orc!
Vehumet accepts your kill.
Things that are here:
a +0 club; an orc corpse The orc hits you but does no damage.
The orc knight misses you. The orc hits you with a +0 war axe!
You closely miss the orc knight. You slash the orc!
You kill the orc!
Vehumet accepts your kill.
You hit the orc.
You kill the orc!
Vehumet accepts your kill.
The orc knight hits you with a +0 battleaxe!
Casting: Flame Wave (mildly dangerous; 1% risk of failure)
Confirm with . or Enter, or press ? or * to list all spells.
Flames lash the orc knight.
The orc knight resists.
The orc knight is lightly wounded.
The orc knight's fire resistance burns away.
You hear a bellow!
A yak comes into view.
The orc knight hits you with a +0 battleaxe!!
* * * LOW HITPOINT WARNING * * *
You hear a bellow!
As you read the scroll labelled TUX TOMORO, it crumbles to dust.
You hear the tinkle of a tiny bell.
It was a scroll of butterflies.
The orc knight hits you with a +0 battleaxe!!
You die...

, ,,, *
####.######### *
##.....##.....## ,
##..............## *
#................# ,
, #................#
, , ,
#................# ,
,
*#..b.bbb.........#
#.^b)?...........# *
, #..b)@b..........#
*
.Y.#.bob..........##
......bb.b##.....##
..........######## ,
*..........#
..........# , *
..........# ,
*..........# , * ,
,, , ,


You could see an orc knight (combustible, ally target) and a yak.

Vanquished Creatures
  Harold (D:9)
  The ghost of GigaChad the Cleaver, a novice MiFi of Makhleb (D:6)
  Maggie (D:7)
  A hornet (D:8)
  A wyvern (D:9)
  14 yaks
  Duvessa (D:7)
  An ice beast (D:6)
  2 black bears (D:6)
  A sky beast (D:8)
  2 ogres
  A phantom (D:7)
  2 kobold brigands
  2 bullfrogs
  2 necrophages
  4 scorpions
  8 wights
  Dowan (D:7)
  6 killer bees
  2 howler monkeys (D:7)
  A hound (D:6)
  2 centaur zombies (D:7)
  3 jellies
  An orc priest (D:8)
  Crazy Yiuf (D:7)
  6 orc wizards
  2 iguanas (D:6)
  4 mummies
  3 gnolls (D:7)
  3 adders
  2 shadow imps
  A white imp (D:6)
  An ufetubus (D:6)
  An adder zombie (Ossuary)
  2 worms
  23 orcs
  2 endoplasms
  2 giant cockroaches
  A goblin (D:4)
  2 hobgoblins (D:4)
  2 jackals (D:4)
  3 kobolds
  2 quokkas (D:4)
  3 ball pythons
  3 goblin zombies (Ossuary)
  3 hobgoblin zombies (Ossuary)
  3 kobold zombies (Ossuary)
  A quokka zombie (Ossuary)
  A rat (D:2)
  7 rat zombies (Ossuary)
145 creatures vanquished.

Vanquished Creatures (others)
  158 foxfires
158 creatures vanquished.

Grand Total: 303 creatures vanquished

Notes
Turn   | Place    | Note
-------+----------+-------------------------------------------
     0 | D:1      | hawla the Meteoran Fire Elementalist began the quest for
                  | the Orb.
     0 | D:1      | Reached XP level 1. HP: 14/14 MP: 5/5
   179 | D:3      | Noticed a jelly
   183 | D:3      | Killed a jelly
   184 | D:3      | Reached skill level 4 in Fire Magic
   184 | D:3      | Reached XP level 2. HP: 14/20 MP: 2/7
   184 | D:3      | Reached XP level 3. HP: 19/26 MP: 2/8
   187 | D:3      | Learned a level 2 spell: Scorch
   283 | D:4      | Reached XP level 4. HP: 33/33 MP: 6/9
   286 | D:4      | Noticed a scorpion
   292 | D:4      | Killed a scorpion
   293 | D:4      | Reached skill level 5 in Fire Magic
   293 | D:4      | Reached XP level 5. HP: 34/38 MP: 1/11
   329 | D:4      | Found a sand-covered staircase.
   340 | D:4      | Learned a level 4 spell: Flame Wave
   345 | D:4      | Learned a level 4 spell: Dispel Undead
   350 | Ossuary  | Entered an ossuary
   355 | Ossuary  | Reached skill level 1 in Necromancy
   578 | D:4      | Reached XP level 6. HP: 45/45 MP: 7/12
   592 | D:4      | Found a stormy altar of Qazlal.
   626 | D:4      | Reached skill level 6 in Fire Magic
   764 | D:4      | Identified the +3 leather armour of the Arcane {rPois
                  | Regen+ Str-5 Dex+6}
   800 | D:4      | Reached XP level 7. HP: 50/50 MP: 11/13
   897 | D:4      | Found an ornate altar of the Wu Jian Council.
  1107 | D:5      | Entered Level 5 of the Dungeon
  1126 | D:5      | Identified the +1 lajatang of the Chain {spect, rPois Will-
                  | rCorr}
  1295 | D:5      | Found Empin's Distillery.
  1305 | D:5      | Bought a potion of curing for 36 gold pieces
  1305 | D:5      | Bought a potion of heal wounds for 60 gold pieces
  1413 | D:5      | Found a hazy altar of Hepliaklqana.
  1507 | D:6      | Reached XP level 8. HP: 54/57 MP: 6/15
  1533 | D:6      | Reached skill level 5 in Necromancy
  1743 | D:6      | Reached skill level 7 in Fire Magic
  1790 | D:6      | Reached skill level 1 in Staves
  1790 | D:6      | Gained mutation: You passively map the area around you.
                  | [Meteoran growth]
  1790 | D:6      | Reached XP level 9. HP: 55/63 MP: 6/16
  1910 | D:6      | Found a runed translucent door.
  1910 | D:6      | Noticed GigaChad's ghost (novice MiFi)
  1919 | D:6      | Killed GigaChad's ghost
  1920 | D:6      | Reached skill level 1 in Fighting
  1920 | D:6      | Reached skill level 5 in Spellcasting
  1920 | D:6      | Reached skill level 8 in Fire Magic
  1960 | D:6      | Identified the +4 war axe "Olaobill" {vorpal, Int+8 Dex+4}
  1999 | D:7      | Gained mutation: You are somewhat resistant to further
                  | mutation. [potion of mutation]
  1999 | D:7      | Gained mutation: You have a pair of small horns on your
                  | head. [potion of mutation]
  2008 | D:7      | Noticed Maggie
  2015 | D:7      | Killed Maggie
  2024 | D:7      | Found a staircase to the Ecumenical Temple.
  2048 | Temple   | Entered the Ecumenical Temple
  2054 | Temple   | Became a worshipper of Vehumet
  2076 | D:7      | Noticed Duvessa
  2078 | D:7      | Noticed Dowan
  2082 | D:7      | Killed Duvessa
  2084 | D:7      | Killed Dowan
  2116 | D:7      | Reached XP level 10. HP: 66/73 MP: 3/20
  2153 | D:7      | Found a snail-covered altar of Cheibriados.
  2307 | D:7      | Reached * piety under Vehumet
  2307 | D:7      | Offered knowledge of Magic Dart by Vehumet.
  2317 | D:7      | Found a basalt altar of Yredelemnul.
  2372 | D:7      | Reached skill level 9 in Fire Magic
  2612 | D:7      | Found a runed translucent door.
  2615 | D:7      | Noticed Crazy Yiuf
  2618 | D:7      | Killed Crazy Yiuf
  2619 | D:7      | Reached skill level 5 in Conjurations
  2909 | D:8      | Reached skill level 5 in Staves
  3044 | D:8      | Identified the amulet "Tuann" {Acrobat MP+9 Int-3 Dex+3
                  | Slay+3}
  3047 | D:8      | Reached skill level 10 in Fire Magic
  3050 | D:8      | Offered knowledge of Poisonous Vapours by Vehumet.
  3054 | D:8      | Reached XP level 11. HP: 47/81 MP: 15/24
  3146 | D:8      | Reached ** piety under Vehumet
  3167 | D:8      | Reached skill level 5 in Dodging
  3535 | D:9      | Noticed Harold
  3538 | D:9      | Noticed Maurice
  3547 | D:9      | Killed Harold
  3548 | D:9      | Reached skill level 1 in Axes
  3560 | D:10     | Entered Level 10 of the Dungeon
  3568 | D:10     | Noticed an orc knight
  3576 | D:10     | Slain by an orc knight

Illustrated notes

Levels and vault maps discovered:
D:1:      dpeg_arrival_fog, layout_loops_ring
D:2:      layout_basic, uniq_sigmund
D:3:      layout_basic
D:4:      layout_cave_pools, kennysheep_mini,
          mainiacjoe_overflow_small_starburst, nicolae_ossuary_entry_monument,
          fountainhead
D:5:      layout_rooms, kennysheep_little_box, serial_shops,
          nicolae_shop_waterfront
D:6:      layout_basic, gammafunk_ghost_grave
D:7:      layout_gridville, slow_altar_2, lemuel_zombie_altar_yredelemnul,
          minmay_temple_entry_glass, uniq_maggie, uniq_crazy_yiuf_cottage,
          uniq_duvessa
D:8:      layout_loops_ring
D:9:      layout_rooms, serial_shops, shop, kennysheep_generic_room_13,
          uniq_harold, uniq_maurice
D:10:     layout_rooms, amethyst_overflow_temple_binary, grunt_gozag_statues,
          orc_0_dummy
Temple:   eino_narrow_crystal_temple

Skill      XL: |  1  2  3  4  5  6  7  8  9 10 11 |
---------------+----------------------------------+-----
Spellcasting   | 3 4 6 8 9 |  9.8
Fire Magic     | 4 5 6 7 8 10 | 10.8
Necromancy     | 2 4 6 7 |  7.5
Conjurations   | 3 4 5 |  5.7
Staves         | 1 3 5 6 |  6.5
Dodging        | 3 4 5 |  5.3
Fighting       | 1 2 3 |  3.6
Axes           | 1 |  1.1
Stealth        | |  1.7

Action                   |  1- 3 |  4- 6 |  7- 9 | 10-12 || total
-------------------------+-------+-------+-------+-------++-------
Melee: Unarmed           |     1 |     6 |       |       ||     7
       Lajatang          |       |       |    24 |    44 ||    68
       Headbutt          |       |       |     1 |    15 ||    16
       War axe           |       |       |       |    16 ||    16
       Punch             |       |       |       |     2 ||     2
 Cast: Foxfire           |    15 |    42 |    10 |    20 ||    87
       Scorch            |       |    19 |    23 |    26 ||    68
       Flame Wave        |       |     3 |     6 |    12 ||    21
       Dispel Undead     |       |     1 |     5 |     1 ||     7
  Use: Scroll            |     1 |     3 |    12 |     6 ||    22
       Potion            |       |     1 |     1 |     2 ||     4
 Stab: Sleeping          |       |       |     1 |       ||     1
Armor: Robe              |       |    12 |    10 |    25 ||    47
Dodge: Dodged            |       |    28 |    29 |    70 ||   127
